Map: Hecate LE

Players

luckjacker

  • Race: Zerg Zerg
  • League: Platinum
  • Spawn Location: 7:00

아르타니스 - Winner!

  • Race: Protoss Protoss
  • League: Platinum
  • Spawn Location: 1:00

VOD

Have the link to the VOD?

Description

Time

  • Played on: Nov. 3, 2023, 12:24 a.m.
  • Length: 12:33
Show
View Real Time Build Order
Export as new Build Order

luckjacker Zerg 

Build Orders: Hatch First 

Get SALT Encoding   

  12  0:16  Drone  
  12  0:20  Drone  
  14  0:31  Drone, Extractor  
  15  0:43  Hatchery  
  14  0:52  Drone, Extractor  
  15  1:02  Overlord  
  15  1:07  Spawning Pool  
  14  1:15  Extractor  
  14  1:16  Drone  
  14  1:21  Drone x2  
  16  1:29  Drone  
  17  1:39  Drone  
  18  1:48  Drone  
  19  1:55  Queen  
  19  1:56  Queen  
  19  1:58  Drone  
  19  2:01  Drone  
  25  2:09  Zergling x2  
  26  2:25  Metabolic Boost  
  26  2:30  Hatchery  
  26  2:34  Drone x2  
  27  2:40  Drone  
  28  2:48  Overlord  
  28  2:53  Drone, Extractor  
  29  3:16  Queen  
  29  3:17  Drone x3  
  29  3:18  Drone x2  
  29  3:19  Overlord x2  
  36  3:34  Overlord  
  36  3:44  Spore Crawler  
  36  3:45  Spore Crawler  
  36  3:46  Drone x6  
  40  3:48  Overlord  
  40  3:50  Lair  
  40  3:52  Drone  
  41  4:01  Queen  
  43  4:03  Spore Crawler  
  43  4:04  Drone  
  43  4:08  Overlord  
  43  4:30  Extractor  
  42  4:33  Extractor  
  42  4:37  Zergling x10  
  42  4:38  Zergling x6  
  49  4:45  Zergling x8  
  51  4:48  Roach Warren  
  51  4:50  Drone x2  
  53  5:03  Drone x3  
  53  5:05  Drone  
  57  5:13  Zergling x8  
  57  5:14  Zergling x4  
  63  5:26  Drone x3  
  66  5:31  Hatchery  
  65  5:39  Glial Reconstitution  
  65  5:41  Roach x2  
  65  5:42  Roach x2  
  73  5:47  Hydralisk Den  
  72  5:56  Grooved Spines, Pneumatized Carapace  
  72  5:59  Drone x2  
  72  6:00  Evolution Chamber, Drone  
  72  6:01  Evolution Chamber  
  72  6:02  Overlord  
  72  6:21  Drone x7  
  79  6:30  Roach  
  79  6:31  Overlord x2  
  81  6:35  Zerg Missile Weapons Level 1  
  81  6:39  Zerg Ground Armor Level 1  
  73  6:56  Roach x5  
  73  6:57  Roach  
  73  7:00  Muscular Augments  
  76  7:05  Roach x4  
  81  7:11  Roach x2  
  81  7:14  Roach  
  87  7:16  Drone x6  
  93  7:23  Drone  
  93  7:24  Spine Crawler  
  93  7:25  Roach x2  
  93  7:29  Overlord  
  97  7:30  Overlord  
  97  7:57  Roach x3  
  103  7:58  Overlord x2  
  103  7:59  Overlord x2  
  103  8:09  Lurker Den  
  103  8:10  Extractor x2  
  103  8:11  Extractor, Drone x3  
  102  8:13  Drone x2  
  102  8:14  Overlord  
  102  8:15  Overlord x2  
  102  8:17  Ravager  
  102  8:18  Ravager x2  
  107  8:26  Drone x3  
  110  8:30  Drone x4  
  110  8:31  Drone  
  110  8:33  Drone x2  
  117  8:36  Drone x2  
  117  8:37  Drone x2  
  117  8:38  Roach x5  
  117  8:39  Roach  
  133  8:41  Overseer  
  133  8:46  Roach  
  133  8:47  Roach x2  
  139  8:50  Roach x2  
  143  9:03  Roach x3  
  143  9:04  Roach x2  
  153  9:12  Roach  
  153  9:13  Roach x2  
  153  9:14  Ravager  
  153  9:15  Spore Crawler, Ravager  
  153  9:16  Ravager, Spine Crawler  
  160  9:18  Overlord x2  
  160  9:33  Roach  
  143  9:45  Roach  
  143  9:52  Roach x10  
  154  9:53  Roach x10  
  146  10:01  Roach x2  
  139  10:09  Roach x7  
  139  10:10  Roach x2  
  115  10:30  Roach x4  
  115  10:31  Roach x3  
  102  10:39  Roach x3  
  102  10:40  Roach x2  
  103  10:49  Roach  
  94  10:50  Roach x7  
  94  10:51  Roach x2  
  98  10:58  Roach x2  
  94  11:04  Roach x2  
  94  11:05  Roach x2  
  94  11:09  Roach x2  
  94  11:21  Roach x4  
  92  11:27  Roach x2  
  92  11:28  Roach  
  86  11:37  Roach x2  
  86  11:38  Roach  
  84  11:45  Roach x3  
  76  11:55  Roach x4  
  78  12:03  Roach x3  
  74  12:11  Roach x2  
  74  12:12  Roach  
Show
View Real Time Build Order
Export as new Build Order

아르타니스 Protoss - Winner!

Build Orders: 1 Gate Expand, Oracle Opening, Zealot Archon, Archon Drop 

Get SALT Encoding   

  12  0:00  Probe  
  14  0:14  Probe  
  14  0:19  Pylon  
  14  0:27  Probe  
  15  0:38  Gateway  
  15  0:40  Probe (Chrono Boost)  
  16  0:46  Assimilator  
  17  0:50  Probe (Chrono Boost)  
  17  1:03  Probe  
  18  1:17  Probe  
  19  1:33  Cybernetics Core  
  19  1:36  Nexus  
  19  1:39  Probe  
  20  1:43  Assimilator  
  20  1:50  Pylon  
  20  1:52  Probe  
  21  2:04  Probe  
  22  2:12  Adept (Chrono Boost)  
  22  2:14  Warp Gate  
  24  2:27  Gateway, Shield Battery  
  24  2:31  Probe  
  25  2:39  Stalker (Chrono Boost)  
  27  2:47  Stargate  
  29  2:51  Probe (Chrono Boost)  
  29  2:56  Probe (Chrono Boost)  
  29  3:01  Probe (Chrono Boost)  
  29  3:04  Probe (Chrono Boost)  
  31  3:06  Stalker (Chrono Boost)  
  33  3:16  Probe  
  34  3:25  Twilight Council  
  34  3:27  Gateway  
  34  3:30  Probe x2  
  36  3:44  Oracle (Chrono Boost)  
  39  3:56  Probe x2  
  39  4:00  Pylon  
  39  4:02  Robotics Facility  
  41  4:08  Probe x2  
  43  4:11  Assimilator  
  43  4:13  Assimilator  
  43  4:20  Probe x2  
  45  4:25  Pylon  
  45  4:30  Gateway  
  45  4:36  Robotics Facility  
  45  4:44  Templar Archives  
  45  4:51  Gateway  
  45  4:52  Gateway  
  45  4:54  Gateway  
  45  4:56  Gateway  
  45  5:00  Gateway  
  45  5:28  Probe x2  
  47  5:33  Warp Prism  
  49  5:40  Probe  
  50  5:46  Nexus  
  50  5:47  Pylon  
  50  5:48  Charge  
  50  5:51  High Templar  
  50  5:52  High Templar  
  54  5:58  Probe x2  
  54  6:03  Shield Battery  
  56  6:04  Pylon  
  56  6:06  Archon  
  56  6:10  Probe  
  57  6:14  Shield Battery  
  57  6:15  Shield Battery  
  57  6:17  Pylon  
  57  6:19  High Templar x2  
  57  6:23  Archon  
  57  6:25  Psionic Storm  
  61  6:30  Gateway  
  61  6:31  Gateway  
  61  6:35  Probe x2  
  63  6:47  Probe  
  63  6:50  Zealot x5  
  72  7:07  Probe x2  
  72  7:08  Probe  
  75  7:11  High Templar x2  
  79  7:15  Archon  
  79  7:17  Zealot x5  
  79  7:20  Probe x2 (Chrono Boost)  
  92  7:25  Probe (Chrono Boost)  
  92  7:30  High Templar x2  
  92  7:32  Zealot x2  
  92  7:34  Archon  
  100  7:39  Pylon  
  100  7:40  Pylon  
  100  7:42  Pylon  
  100  7:50  Probe, Assimilator  
  101  7:52  Assimilator  
  101  7:53  Shield Battery  
  101  7:57  Probe x2, High Templar  
  101  7:58  High Templar  
  107  8:00  Zealot x3  
  107  8:01  Zealot  
  115  8:08  Observer (Chrono Boost)  
  115  8:11  Zealot x3  
  122  8:26  Pylon x2  
  122  8:28  Pylon  
  122  8:39  Pylon  
  122  8:40  Pylon  
  122  8:46  High Templar x3  
  128  8:48  Zealot x2  
  128  8:49  Zealot x5  
  142  9:11  High Templar x3  
  142  9:13  Zealot x3  
  142  9:14  Zealot x2  
  158  9:18  High Templar  
  158  9:21  Archon  
  158  9:22  Archon  
  123  9:57  Zealot x4  
  123  9:58  Zealot x3  
  121  10:00  Zealot x4  
  115  10:21  Zealot x7  
  101  10:22  Zealot x3  
  107  10:33  Zealot  
  99  10:42  High Templar x3  
  103  10:43  High Templar x6  
  103  10:46  Archon  
  103  10:47  Archon x3  
  91  11:21  Zealot x3  
  91  11:22  Zealot x5  
  91  11:23  Zealot x3  
  85  11:42  High Templar x2  
  85  11:43  High Templar x4  
  85  11:44  Zealot x4  
  85  11:46  Archon  
  99  11:47  Archon x2  
  89  12:07  Zealot x5  
  93  12:13  High Templar x4  
  97  12:17  Zealot  
  97  12:18  Archon  
  97  12:19  Archon  
Tags
 
Add a new tag
Caveats
  • Supply blocks, unpowered buildings, or Contaminate may cause inaccurate times.
  • Supply counts are checked every 10 seconds.